 Dungeon Crawl Stone Soup version 0.21.1-1-g345015f (webtiles) character file.

218 tidbits the Charmwright (level 5, -2/43 HPs)
             Began as a Gnoll Skald on June 18, 2018.
             Slain by an iguana (13 damage)
             ... on level 4 of the Dungeon.
             The game lasted 00:05:54 (451 turns).

tidbits the Charmwright (Gnoll Skald)                Turns: 451, Time: 00:05:55

Health: -2/43      AC:  4    Str: 13    XL:     5   Next: 95%
Magic:  9/12       EV: 14    Int: 17    God:
Gold:   49         SH:  4    Dex: 14    Spells: 3/14 levels left

rFire    . . .     SeeInvis .   a - +0 hand axe
rCold    + . .     Gourm    .   (no shield)
rNeg     . . .     Faith    .   B - +1 leather armour
rPois    +         Spirit   .   (no helmet)
rElec    .         Reflect  +   (no cloak)
rCorr    .         Harm     .   (no gloves)
MR       .....                  (no boots)
Stlth    ++........             q - +4 amulet of reflection
HPRegen  0.14/turn              l - ring of protection from cold
MPRegen  0.13/turn              P - ring of poison resistance

@: no status effects
A: distributed training, fangs 1, strong nose
a: no special abilities


You were on level 4 of the Dungeon.
You were not hungry.

You visited 1 branch of the dungeon, and saw 5 of its levels.

You collected 49 gold pieces.

Inventory:

Hand Weapons
 a - a +0 hand axe (weapon)
 e - a +0 dagger of freezing
   (You took it off a kobold on level 1 of the Dungeon)
 i - a +0 scythe
 o - a +0 blowgun
 t - a +0 trident
Missiles
 h - 18 sling bullets
 p - 11 poisoned needles
 u - 18 arrows
Armour
 B - a +1 leather armour (worn)
Jewellery
 f - an uncursed ring of protection from fire
   (You found it on level 1 of the Dungeon)
 l - a ring of protection from cold (left hand)
   (You found it on level 2 of the Dungeon)
 q - a +4 amulet of reflection (around neck)
   (You found it on level 3 of the Dungeon)
 P - a ring of poison resistance (right hand)
   (You found it on level 1 of the Dungeon)
Scrolls
 m - 4 scrolls of enchant armour
 n - a scroll of teleportation
 r - a scroll of blinking
Books
 c - a book of Battle

   Spells                             Type                      Level
   a - Infusion                       Charms                       1
   b - Shroud of Golubria             Charms/Translocation         2
   c - Song of Slaying                Charms                       2
   d - Spectral Weapon                Hexes/Charms                 3
   e - Regeneration                   Charms/Necromancy            3
Comestibles
 d - 3 rations


   Skills:
 + Level 4.8 Fighting
 + Level 1.6 Short Blades
 + Level 1.6 Long Blades
 + Level 4.8 Axes
 + Level 1.6 Maces & Flails
 + Level 1.6 Polearms
 + Level 1.6 Staves
 + Level 1.6 Slings
 + Level 1.6 Bows
 + Level 1.6 Crossbows
 + Level 1.6 Throwing
 + Level 3.1 Armour
 + Level 4.8 Dodging
 + Level 1.6 Stealth
 + Level 1.6 Shields
 + Level 1.6 Unarmed Combat
 + Level 5.2 Spellcasting
 + Level 1.3 Conjurations
 + Level 1.3 Hexes
 + Level 5.6 Charms
 + Level 1.3 Summonings
 + Level 1.3 Necromancy
 + Level 1.3 Translocations
 + Level 1.3 Transmutations
 + Level 1.3 Fire Magic
 + Level 1.3 Ice Magic
 + Level 1.3 Air Magic
 + Level 1.3 Earth Magic
 + Level 1.3 Poison Magic
 + Level 1.9 Invocations
 + Level 1.6 Evocations


You had 3 spell levels left.
You knew the following spells:

 Your Spells              Type           Power        Failure   Level  Hunger
g - Shroud of Golubria    Chrm/Tloc      ###.......   6%          2    #......
i - Infusion              Chrm           ###.         1%          1    None
r - Regeneration          Chrm/Necr      ###.......   13%         3    ###....
w - Spectral Weapon       Hex/Chrm       ###.....     13%         3    ###....
y - Song of Slaying       Chrm           ###.....     2%          2    #......


Dungeon Overview and Level Annotations

Branches:
Dungeon (5/15)
 Temple: D:4-7

Altars:

Annotations:
D:4 dscm's ghost, weakling DsFi


Innate Abilities, Weirdness & Mutations

Your experience applies equally to all skills.
You have very sharp teeth.
Your uncanny sense of smell can sniff out nearby items.


Message History

Your Necromancy skill increases to level 1!
Your Translocations skill increases to level 1!
Your Transmutations skill increases to level 1!
Your Fire Magic skill increases to level 1!
Your Ice Magic skill increases to level 1!
Your Air Magic skill increases to level 1!
Your Earth Magic skill increases to level 1!
Your Poison Magic skill increases to level 1!
Your Evocations skill increases to level 1!
You have reached level 4!
You feel clever.
You have reached level 5!
Items here: ! ) [ † a scythe; a robe; an emerald potion; the human corpse of Sigmund
i - a scythe;
s - an emerald potion
Found 7 gold pieces.
You see here a scroll labeled UNLABR GIURIXT.
g - 3 scrolls labeled UNLABR GIURIXT (gained 1)
Your spectral weapon fades away.
You see here a trident.
t - a trident
Found 14 gold pieces.
You see here 14 gold pieces.
You now have 42 gold pieces (gained 14).
You see here 7 gold pieces.
You now have 49 gold pieces (gained 7).
A leopard gecko and a goblin come into view.
Found a short sword.
You flicker for a moment.
You flicker back into view.
There is a stone staircase leading down here.
You climb downwards.
There is a stone staircase leading up here.
Unknown command.
Found 18 arrows.
You see here 18 arrows.
u - 18 arrows
As you read the scroll labeled FEEKHASOFA, it crumbles to dust.
It is a scroll of enchant armour.
Your +0 leather armour glows green for a moment.
Adjust (i)tems, (s)pells, or (a)bilities?
Adjust which item? (? for menu, Esc to quit)
b - a +1 leather armour (worn)
Adjust to which letter? (? for menu, Esc to quit)
B - a +1 leather armour (worn)
As you read the scroll labeled UNLABR GIURIXT, it crumbles to dust.
It is a scroll of identify.
r - a scroll of blinking
As you read the scroll of identify, it crumbles to dust.
s - a potion of heal wounds
As you read the scroll of identify, it crumbles to dust.
n - a scroll of teleportation
Okay, then.
As you read the scroll labeled JYRCHO MU SUHA, it crumbles to dust.
You hear a loud clanging noise!
It was a scroll of noise.
You hear a shout! x2; You hear an angry hiss.
You hear a bark!
As you open the door, it creaks loudly!
You hear an angry hiss.
An iguana, a jackal and a player ghost come into view.
Okay, then.
Unknown command.
Press: ? - help, v - describe, . - travel
Here: dscm's ghost The floor.
Unknown command.
Unknown command.
It was a potion of cancellation.
You feel magically purged.
Your magical contamination has completely faded away.
Dscm's ghost moves out of view.
An iguana comes into view.
There is an open door here.
Casting: Spectral Weapon
Confirm with . or Enter, or press ? or * to list all spells.
You draw out your weapon's spirit!
The jackal closely misses you.
The iguana moves out of view.
The iguana bites your spectral weapon!
Your spectral weapon shares its damage with you!
* * * LOW HITPOINT WARNING * * *
You hit the jackal. You bite the jackal, but do no damage.
The jackal is severely wounded.
Your spectral weapon hits the jackal.
You kill the jackal!
Your spectral weapon hits the iguana.
Your spectral weapon hits dscm's ghost.
You block dscm's ghost's attack. The iguana bites you.
* * * LOW HITPOINT WARNING * * *
Unknown command.
You hit dscm's ghost but do no damage.
Dscm's ghost is lightly damaged.
You hit the iguana but do no damage.
Your spectral weapon hits dscm's ghost.
Your spectral weapon hits the iguana but does no damage.
Dscm's ghost hits you!
* * * LOW HITPOINT WARNING * * *
The iguana bites your spectral weapon!
Your spectral weapon shares its damage with you!
Your spectral weapon fades away.
* * * LOW HITPOINT WARNING * * *
An orc comes into view. It is wielding a trident.
You feel much better.
The orc moves out of view.
Dscm's ghost hits you!
* * * LOW HITPOINT WARNING * * *
The iguana bites you!
You die...

∆ ### #.. ... #. #.#
#.#.. ....##### #.#
#.#..
#....ll@#######.####.#..
##..+.W†'...............
#......#######.####.#.#
#...##### #.####.#.# .#.
#....#.... # #........#
#.#####..# #.#.......
#.#.######


You could see 2 iguanas and dscm's ghost.

Vanquished Creatures
  Sigmund (D:3)
  A hound (D:4)
  A worm (D:2)
  2 dart slugs (D:1)
  A leopard gecko (D:1)
  A bat (D:3)
  3 hobgoblins
  A jackal (D:4)
  2 kobolds
  2 frilled lizards
  A rat (D:3)
16 creatures vanquished.

Vanquished Creatures (others)
  A hobgoblin (D:3)
  A spectral weapon (D:4)
2 creatures vanquished.

Grand Total: 18 creatures vanquished

Notes
Turn   | Place    | Note
-------+----------+-------------------------------------------
     0 | D:1      | tidbits the Gnoll Skald began the quest for the Orb.
     0 | D:1      | Reached XP level 1. HP: 20/20 MP: 6/6
    85 | D:1      | Reached XP level 2. HP: 19/26 MP: 4/7
    89 | D:1      | Learned a level 2 spell: Song of Slaying
    92 | D:1      | Learned a level 2 spell: Shroud of Golubria
   265 | D:5      | Entered Level 5 of the Dungeon
   352 | D:4      | Reached skill level 5 in Spellcasting
   352 | D:4      | Reached skill level 1 in Invocations
   352 | D:4      | Reached XP level 3. HP: 19/31 MP: 2/9
   357 | D:4      | Learned a level 3 spell: Regeneration
   361 | D:4      | Learned a level 3 spell: Spectral Weapon
   370 | D:3      | Noticed Sigmund
   383 | D:3      | Killed Sigmund
   383 | D:3      | Reached skill level 1 in Short Blades
   383 | D:3      | Reached skill level 1 in Long Blades
   383 | D:3      | Reached skill level 1 in Maces & Flails
   383 | D:3      | Reached skill level 1 in Polearms
   383 | D:3      | Reached skill level 1 in Staves
   383 | D:3      | Reached skill level 1 in Slings
   383 | D:3      | Reached skill level 1 in Bows
   383 | D:3      | Reached skill level 1 in Crossbows
   383 | D:3      | Reached skill level 1 in Throwing
   383 | D:3      | Reached skill level 3 in Armour
   383 | D:3      | Reached skill level 1 in Stealth
   383 | D:3      | Reached skill level 1 in Shields
   383 | D:3      | Reached skill level 1 in Unarmed Combat
   383 | D:3      | Reached skill level 1 in Conjurations
   383 | D:3      | Reached skill level 1 in Hexes
   383 | D:3      | Reached skill level 1 in Summonings
   383 | D:3      | Reached skill level 1 in Necromancy
   383 | D:3      | Reached skill level 1 in Translocations
   383 | D:3      | Reached skill level 1 in Transmutations
   383 | D:3      | Reached skill level 1 in Fire Magic
   383 | D:3      | Reached skill level 1 in Ice Magic
   383 | D:3      | Reached skill level 1 in Air Magic
   383 | D:3      | Reached skill level 1 in Earth Magic
   383 | D:3      | Reached skill level 1 in Poison Magic
   383 | D:3      | Reached skill level 1 in Evocations
   383 | D:3      | Reached XP level 4. HP: 15/38 MP: 3/11
   383 | D:3      | Reached XP level 5. HP: 17/43 MP: 3/12
   445 | D:4      | Noticed dscm's ghost (weakling DsFi)
   451 | D:4      | Slain by an iguana

Skill      XL: |  1  2  3 |
---------------+----------+-----
Spellcasting   | 5 |  5.2
Invocations    | 1 |  1.9
Short Blades   | 1 |  1.6
Long Blades    | 1 |  1.6
Maces & Flails | 1 |  1.6
Polearms       | 1 |  1.6
Staves         | 1 |  1.6
Slings         | 1 |  1.6
Bows           | 1 |  1.6
Crossbows      | 1 |  1.6
Throwing       | 1 |  1.6
Armour         | 3 |  3.1
Stealth        | 1 |  1.6
Shields        | 1 |  1.6
Unarmed Combat | 1 |  1.6
Conjurations   | 1 |  1.3
Hexes          | 1 |  1.3
Summonings     | 1 |  1.3
Necromancy     | 1 |  1.3
Translocations | 1 |  1.3
Transmutations | 1 |  1.3
Fire Magic     | 1 |  1.3
Ice Magic      | 1 |  1.3
Air Magic      | 1 |  1.3
Earth Magic    | 1 |  1.3
Poison Magic   | 1 |  1.3
Evocations     | 1 |  1.6
Fighting       | |  4.8
Axes           | |  4.8
Dodging        | |  4.8
Charms         | |  5.6

Action                   |  1- 3 |  4- 6 || total
-------------------------+-------+-------++-------
Melee: Hand axe          |    36 |     2 ||    38
       Bite              |     1 |     1 ||     2
       Punch             |     1 |       ||     1
 Cast: Infusion          |     6 |       ||     6
       Song of Slaying   |     1 |       ||     1
       Spectral Weapon   |     1 |     1 ||     2
  Use: Potion            |     1 |     2 ||     3
       Scroll            |       |     5 ||     5
 Stab: Invisible         |     2 |       ||     2
Armor: Leather armour    |     5 |       ||     5
Dodge: Dodged            |    31 |     1 ||    32
Block: Other             |       |     1 ||     1

Table legend:
 A = Turns spent in this place as a percentage of turns spent in the entire game.
 B = Non-inter-level travel turns spent in this place as a percentage of non-inter-level travel turns spent in the entire game.
 C = Inter-level travel turns spent in this place as a percentage of turns spent in this place.
 D = Turns resting spent in this place as a percentage of non-inter-level travel turns spent in this place.
 E = Turns spent auto-exploring this place as a percentage of non-inter-level travel turns spent in this place.
 F = Non-inter-level travel turns spent in this place divided by the number of levels of this place that you've seen.
                   A       B       C       D       E      F
               +-------+-------+-------+-------+-------+----------------------
         Total | 100.0 | 100.0 |   0.0 |   0.0 |   0.0 |  90.2
       Dungeon | 100.0 | 100.0 |   0.0 |   0.0 |   0.0 |  90.2
               +-------+-------+-------+-------+-------+----------------------

Table legend:
 A = Kills in this place as a percentage of kills in entire the game.
 B = Kills by you in this place as a percentage of kills by you in the entire game.
 C = Kills by friends in this place as a percentage of kills by friends in the entire game.
 D = Other kills in this place as a percentage of other kills in the entire game.
 E = Experience gained in this place as a percentage of experience gained in the entire game.
 F = Experience gained in this place divided by the number of levels of this place that you have seen.
                   A       B       C       D       E      F
               +-------+-------+-------+-------+-------+----------------------
         Total | 100.0 | 100.0 |   N/A |   N/A | 100.0 |  62.4
       Dungeon | 100.0 | 100.0 |   N/A |   N/A | 100.0 |  62.4
               +-------+-------+-------+-------+-------+----------------------

Vault maps used:
D:1:      dpeg_arrival_simpleton_b
D:3:      uniq_sigmund
D:4:      first_ration, serial_shops, shop, minmay_ruptured
D:5:      wad_lake_hut, lemuel_crystal_altar
